 Dungeon Crawl Stone Soup version 0.14-a0-40-g75911bd (webtiles) character file.

128 Malachi the Insei (level 3, -1/28 HPs)
             Began as a Demigod Transmuter on Sept 28, 2013.
             Slain by a hound (3 damage)
             ... on Level 2 of the Dungeon.
             The game lasted 00:02:33 (1655 turns).

Malachi the Insei (Demigod Transmuter)              Turns: 1655, Time: 00:02:34

HP  -1/28        AC  2     Str 13      XL: 3   Next:  5%
MP   0/7         EV 12     Int 19      God:
Gold 92          SH  0     Dex 16      Spells:  2 memorised,  3 levels left

Res.Fire  : . . .   See Invis. : .   b - 8 arrows
Res.Cold  : . . .   Warding    : .   c - +0 robe
Life Prot.: . . .   Conserve   : .   (no shield)
Res.Poison: .       Res.Corr.  : .   (no helmet)
Res.Elec. : .       Clarity    : .   (no cloak)
Sust.Abil.: . .     Spirit.Shd : .   (no gloves)
Res.Mut.  : .       Stasis     : .   (no boots)
Res.Rott. : .       Flight     : .   (no amulet)
Saprovore : . . .                    (no ring)
                                     p - ring of protection from magic

@: somewhat resistant to hostile enchantments, unstealthy
A: no striking features
a: no special abilities


You were on level 2 of the Dungeon.
You were not hungry.

You visited 1 branch of the dungeon, and saw 2 of its levels.

You collected 72 gold pieces.

Inventory:

Missiles
 b - 8 arrows (in hand)
Armour
 c - a +0 robe (worn)
Comestibles
 a - a bread ration
 h - a chunk of rat flesh
Scrolls
 e - a scroll of teleportation
 f - a scroll of identify
Jewellery
 i - an uncursed ring of flight {unknown}
 p - a ring of protection from magic (left hand)
Potions
 g - a potion of curing {unknown}
 m - a potion of heal wounds {unknown}
Books
 d - a book of Changes

   Spells                             Type                      Level
   *Beastly Appendage                 Transmutation                1
   *Sticks to Snakes                  Transmutation                2
   Spider Form                        Transmutation/Poison         3
   Ice Form                           Ice/Transmutation            4
   Blade Hands                        Transmutation                5


   Skills:
 + Level 1.2 Fighting
 + Level 1.9 Dodging
 * Level 3.1 Unarmed Combat
 + Level 2.1 Spellcasting
 * Level 2.3 Transmutations


You had 3 spell levels left.
You knew the following spells:

 Your Spells              Type           Power        Failure   Level  Hunger
a - Beastly Appendage     Trmt           ##....       10%         1    #......
b - Sticks to Snakes      Trmt           ##........   12%         2    ##.....


Dungeon Overview and Level Annotations

Branches:
Dungeon (2/27)


Message History

Your ball python bites the hound but does no damage.
Your ball python barely misses the hound.
The hound completely misses your ball python.
You swap places.
The hound barely misses your ball python.
Your ball python misses the hound.
Your ball python grabs the hound.
Your ball python constricts the hound.
Your ball python bites the hound.
The hound bites your ball python.
Your ball python dies!
Your ball python bites the hound but does no damage.
Your ball python closely misses the hound.
Casting: Sticks to Snakes
Confirm with . or Enter, or press ? or * to list all spells.
You don't have enough magic to cast that spell.
The hound misses you. The hound barely misses you.
Casting: Sticks to Snakes
Confirm with . or Enter, or press ? or * to list all spells.
You create a snake!
The hound bites you.
You die...

#.##.#.###.....#
#.#..#...##...#
#.#....#.##$..#
#.#...##.##.###
#.#......##.#
###...#......S#
#.......#S#.#.#
######(......#.#
####..........@hS.#
+..........>......#
####........#..####
#..<#.......#
##..#.##.#....
#<....#....###
##########.# #...
##


You could see a hound (bleeding) and 2 friendly ball pythons.

Vanquished Creatures
  An ooze (D:1)
  A ball python (D:1)
  9 bats
  2 goblins (D:1)
  4 hobgoblins
  2 jackals (D:1)
  3 kobolds
  2 giant cockroaches (D:1)
  2 giant newts (D:1)
  6 rats
32 creatures vanquished.

Notes
Turn   | Place    | Note
--------------------------------------------------------------
     0 | D:1      | Malachi, the Demigod Transmuter, began the quest for the Orb.
     0 | D:1      | Reached XP level 1. HP: 16/16 MP: 3/3
   226 | D:1      | Reached skill level 1 in Fighting
   316 | D:1      | Reached XP level 2. HP: 17/23 MP: 3/5
   529 | D:1      | Reached skill level 3 in Unarmed Combat
   785 | D:1      | Learned a level 2 spell: Sticks to Snakes
  1576 | D:2      | Reached XP level 3. HP: 23/28 MP: 5/7
  1626 | D:2      | Found a burning altar of Makhleb.
  1645 | D:2      | HP: 1/28 [hound (3)]
  1655 | D:2      | Slain by a hound

Action                   || total
-------------------------++-------
Melee: Unarmed           ||   117
 Cast: Beastly Appendage ||    18
       Sticks to Snakes  ||     4
  Use: Scroll            ||     4
